 Dungeon Crawl Stone Soup version 0.23-a0-760-g92239d2 (webtiles) character file.

55 Aspirant the Disciple of Destruction (level 3, 0/25 HPs)
             Began as an Angel Blood Knight on May 19, 2019.
             Was a Follower of Makhleb.
             Slain by an adder (2 damage)
             ... on level 2 of the Dungeon.
             The game lasted 00:06:58 (2031 turns).

Aspirant the Disciple of Destruction (AnBK)         Turns: 2031, Time: 00:06:58

Health: 0/25       AC:  7    Str: 14    XL:     3   Next: 93%
Magic:  6/6        EV: 11    Int: 12    God:    Makhleb [*.....]
Gold:   60         SH:  0    Dex: 17    Spells: 2/2 levels left

rFire    . . .     SeeInvis +   a - +0 mace
rCold    . . .     Gourm    .   (no shield)
rNeg     . . .     Faith    .   i - +0 scale mail
rPois    +         Spirit   .   (no helmet)
rElec    .         Reflect  .   (no cloak)
rCorr    .         Harm     .   h - +0 pair of gloves
MR       .....                  (no boots)
Stlth    ..........             (no amulet)
HPRegen  0.08/turn              g - ring of wizardry
MPRegen  0.10/turn              (no ring)

@: no status effects
A: flight, see invisible, poison resistance
a: Fly, Renounce Religion


You were on level 2 of the Dungeon.
You worshipped Makhleb.
Makhleb was aware of your devotion.
You were hungry.

You visited 1 branch of the dungeon, and saw 2 of its levels.

You collected 60 gold pieces.

Inventory:

Hand Weapons
 a - a +0 mace (weapon)
Armour
 h - a +0 pair of gloves (worn)
 i - a +0 scale mail (worn)
Jewellery
 g - a ring of wizardry (left hand)
Scrolls
 f - a scroll of remove curse
 j - a scroll of identify {unknown}
 k - a scroll of immolation {unknown}
Potions
 b - a potion of lignification {unknown}
 d - a potion of might {unknown}
 e - a potion of haste {unknown}
 l - a potion of berserk rage {unknown}
Comestibles
 c - 2 rations


   Skills:
 + Level 2.3 Fighting
 + Level 1.5 Maces & Flails
 + Level 1.4 Armour
 + Level 3.4 Dodging
 + Level 0.5 Stealth
 + Level 4.0 Invocations


You had 2 spell levels left.
You didn't know any spells.
Your spell library was empty.

Dungeon Overview and Level Annotations

Branches:
Dungeon (2/15)

Altars:
Ashenzari


Innate Abilities, Weirdness & Mutations

You can fly at any time.
You have supernaturally acute eyesight. (SInv)
Your system is resistant to poisons. (rPois)


Message History

* * * LOW HITPOINT WARNING * * *
The adder bites you but does no damage. The adder barely misses you.
The adder barely misses you. The adder bites you but does no damage.
The adder closely misses you. The adder misses you.
The adder bites you but does no damage. The adder bites you but does no damage.
The adder closely misses you. The adder barely misses you.
The adder closely misses you. The adder bites you but does no damage.
The adder bites you but does no damage. x2
The adder bites you.
* * * LOW HITPOINT WARNING * * *
The adder barely misses you. The adder misses you.
The adder bites you but does no damage. x2
The adder bites you but does no damage. The adder bites you.
You die...

#.#####.#......
....[...######.
#.####..# #..#
#..# #..#
#.####..#
#.......####.#
?.......@S...#
######.#######
#. ##


You could see an adder.

Vanquished Creatures
  An adder (D:2)
  2 oozes (D:1)
  2 dart slugs (D:1)
  2 leopard geckos
  3 goblins (D:1)
  4 hobgoblins
  4 jackals (D:1)
  A quokka (D:2)
  3 bats
  3 frilled lizards
  6 rats
31 creatures vanquished.

Notes
Turn   | Place    | Note
-------+----------+-------------------------------------------
     0 | D:1      | Aspirant the Angel Blood Knight began the quest for the
                  | Orb.
     0 | D:1      | Reached XP level 1. HP: 14/14 MP: 3/3
   245 | D:1      | Reached XP level 2. HP: 10/19 MP: 4/4
   832 | D:1      | Reached skill level 4 in Invocations
  1195 | D:1      | Reached XP level 3. HP: 24/24 MP: 6/6
  1251 | D:1      | Reached skill level 1 in Armour
  1681 | D:2      | Found a faded altar of an unknown god.
  1699 | D:2      | Found a shattered altar of Ashenzari.
  2026 | D:2      | HP: 1/25 [adder (2)]
  2031 | D:2      | Slain by an adder

Vault maps used:
D:1:      lightli_arrival_quake
D:2:      minmay_evil_eye, chequers_ecumenical_altar_simple_redux,
          evilmike_ruin_ashenzari

Skill      XL: |  1  2  3 |
---------------+----------+-----
Dodging        | 3 |  3.4
Invocations    | 4 |  4.0
Armour         | 1 |  1.4
Fighting       | |  2.3
Maces & Flails | |  1.5
Stealth        | |  0.5

Action                   || total
-------------------------++-------
Melee: Mace              ||   112
  Use: Scroll            ||     2
 Stab: Sleeping          ||     3
  Eat: Chunk             ||     3
Armor: Leather armour    ||    21
       Scale mail        ||    69
Dodge: Dodged            ||   141

Table legend:
 A = Non-vault XP
 B = Vault XP
 C = Vault XP percentage of total XP
 D = Non-vault monster count
 E = Vault monster count
 F = Vault count percentage of total count
                 A         B        C        D         E       F
            +---------+---------+-------+---------+---------+-------
      Total |      79 |       0 |   0.0 |      31 |       0 |   0.0
            +---------+---------+-------+---------+---------+-------
        D:1 |      53 |       0 |   0.0 |      22 |       0 |   0.0
        D:2 |      26 |       0 |   0.0 |       9 |       0 |   0.0
            +---------+---------+-------+---------+---------+-------
